Map: Tropical Sacrifice

Players

Elazer

  • Race: Zerg Zerg
  • Spawn Location: 7:00

RagnaroK (SHIN) - Winner!

  • Race: Zerg Zerg
  • Spawn Location: 1:00

Event: DreamHack SC2 Masters 2022 Atlanta (Offline)

VOD

Have the link to the VOD?

Description

Time

  • Played on: Nov. 18, 2022, 6:37 p.m.
  • Length: 5:45

All games in this series

Show
View Real Time Build Order
Export as new Build Order

Elazer Zerg 

Build Orders: Hatch First 

Get SALT Encoding   

  12  0:00  Drone  
  13  0:12  Overlord  
  13  0:17  Drone  
  14  0:30  Drone  
  14  0:31  Drone  
  16  0:49  Hatchery  
  15  0:52  Drone  
  15  0:55  Drone  
  17  0:59  Drone  
  18  1:09  Extractor  
  17  1:15  Spawning Pool  
  17  1:17  Drone  
  17  1:20  Drone  
  18  1:28  Drone  
  19  1:39  Drone  
  20  1:49  Drone  
  21  2:01  Zergling x2  
  21  2:02  Zergling x2  
  21  2:03  Queen x2  
  27  2:10  Metabolic Boost  
  27  2:14  Overlord  
  26  2:30  Drone x2  
  26  2:36  Drone x3  
  30  2:43  Overlord  
  29  3:06  Baneling Nest  
  29  3:07  Hatchery  
  29  3:11  Zergling x2  
  28  3:13  Zergling x2  
  28  3:16  Zergling x2  
  28  3:17  Zergling x2  
  31  3:21  Zergling x2  
  31  3:23  Zergling x2  
  31  3:26  Zergling x2  
  34  3:29  Zergling x2  
  35  3:37  Overlord  
  35  3:41  Overlord  
  35  3:55  Zergling x12  
  41  3:59  Zergling x2  
  42  4:03  Zergling x2  
  42  4:05  Zergling x2  
  44  4:10  Zergling x4  
  44  4:14  Zergling x2  
  46  4:19  Zergling x2  
  46  4:20  Zergling x2  
  45  4:25  Zergling x6  
  45  4:28  Zergling x2  
  44  4:33  Baneling x2  
  44  4:34  Zergling x2  
  44  4:38  Zergling x2  
  46  4:44  Zergling x6  
  49  4:51  Zergling x4  
  50  4:54  Baneling x4  
  50  4:56  Baneling  
  50  5:02  Baneling x4  
  50  5:03  Baneling  
  50  5:07  Zergling x2  
  50  5:16  Zergling x8  
Show
View Real Time Build Order
Export as new Build Order

RagnaroK Zerg - Winner!

Build Orders: Pool First 

Get SALT Encoding   

  12  0:00  Drone  
  13  0:08  Drone  
  14  0:17  Overlord  
  14  0:33  Spawning Pool  
  13  0:36  Drone  
  13  0:40  Drone  
  15  0:45  Drone  
  15  0:48  Drone  
  17  1:10  Hatchery  
  16  1:20  Zergling x6  
  19  1:30  Queen  
  21  1:36  Overlord  
  21  1:48  Drone  
  22  1:55  Drone  
  23  2:03  Extractor  
  23  2:05  Queen, Drone  
  25  2:15  Drone  
  26  2:23  Drone  
  26  2:24  Queen, Drone  
  29  2:33  Drone  
  29  2:35  Drone  
  31  2:38  Drone  
  31  2:41  Queen, Drone  
  33  2:44  Drone  
  33  2:46  Drone  
  35  2:53  Overlord  
  35  2:55  Drone  
  36  3:04  Evolution Chamber  
  36  3:05  Drone  
  36  3:08  Metabolic Boost  
  36  3:12  Drone x2  
  38  3:14  Drone  
  38  3:15  Drone  
  38  3:17  Drone  
  38  3:19  Drone  
  42  3:22  Drone  
  43  3:31  Drone  
  43  3:32  Roach Warren  
  43  3:33  Drone  
  44  3:36  Overlord  
  44  3:41  Overlord  
  44  3:52  Overlord  
  44  4:03  Zergling x4  
  44  4:09  Evolution Chamber  
  45  4:10  Zergling x2  
  45  4:11  Zergling x14  
  53  4:18  Zergling x2, Spine Crawler  
  53  4:21  Zergling x6  
  56  4:27  Zergling x2  
  56  4:28  Baneling Nest  
  54  4:32  Zergling x2  
  54  4:38  Zergling x4  
  58  4:42  Zergling x6, Hatchery  
  60  4:46  Zergling x2  
  60  4:52  Overlord  
  61  4:53  Extractor  
  61  4:58  Zergling x2  
  61  5:05  Roach  
  63  5:11  Baneling x4  
  63  5:12  Zergling x14  
  70  5:18  Roach  
  69  5:22  Roach  
Tags
 
Add a new tag
Caveats
  • Supply blocks, unpowered buildings, or Contaminate may cause inaccurate times.
  • Supply counts are checked every 10 seconds.